General information
- name: BNet
- type: Ladder team game (AT/RT)
- host: Battle.net
- saver: sc2no.wc4yes
map: FullScaleAssault
- players: 8
- length: 40:51
- speed: Fast
- version: 1.26 W3XP
- replay type: Public
» download(264 KB)
Players
team 1 (winner)

»
sc2no.wc4yes (
purple | 80 APM | 3265 actions | 40:51)
9 Blademaster
3 Wind Walk
3 Critical Strike
1 Bladestorm
2 Mirror Image
3 Paladin
2 Holy Light
1 Devotion Aura
» actions
| Assign group hotkey | 95 | |
| Basic commands | 79 | |
| Build / train | 102 | |
| ESC pressed | 6 | |
| Enter build submenu | 110 | |
| Enter hero's abilities submenu | 12 | |
| Give item / drop item | 5 | |
| Right click | 1105 | |
| Select / deselect | 465 | |
| Select group hotkey | 904 | |
| Use ability | 382 | |
3265 total
» units
| Peon | 21 | |
| Goblin Zeppelin | 2 | |
| Troll Batrider | 20 | |
| Goblin Shredder | 3 | |
| Goblin Sapper | 5 | |
| Gryphon Rider | 7 | |
| Peasant | 2 | |
60 total
» upgrades
| Spiked Barricades | 2 | |
| Reinforced Defenses | 1 | |
| Liquid Fire | 1 | |
| Armor | 1 | |
| Ranged Weapons | 1 | |
6 total
» buildings
| Altar of Storms | 2 | |
| Orc Burrow | 12 | |
| War Mill | 8 | |
| Voodoo Lounge | 2 | |
| Watch Tower | 82 | |
| Stronghold | 1 | |
| Great Hall | 1 | |
| Beastiary | 8 | |
| Fortress | 1 | |
| Town Hall | 1 | |
118 total
» build order
00:09 Altar of Storms
00:13 Orc Burrow
00:51 War Mill
01:01 Voodoo Lounge
01:51 Orc Burrow
03:14 Watch Tower
03:15 Watch Tower
04:13 Stronghold
04:38 Great Hall
04:41 Watch Tower
04:42 Watch Tower
05:48 Watch Tower
05:50 Watch Tower
06:39 Beastiary
06:39 Beastiary
06:40 Beastiary
07:04 Watch Tower
07:05 Watch Tower
07:08 Fortress
08:53 Watch Tower
08:54 Watch Tower
10:15 Watch Tower
10:25 Watch Tower
10:39 Orc Burrow
10:39 Orc Burrow
11:11 Watch Tower
11:25 Watch Tower
11:25 Watch Tower
11:26 Watch Tower
12:33 Watch Tower
12:34 Watch Tower
13:47 Watch Tower
13:47 Watch Tower
14:19 Watch Tower
14:20 Watch Tower
14:20 Watch Tower
14:21 Watch Tower
15:23 Watch Tower
15:24 Watch Tower
15:26 Watch Tower
15:28 Watch Tower
15:28 Watch Tower
15:28 Watch Tower
15:29 Watch Tower
15:29 Watch Tower
15:30 Watch Tower
15:31 Watch Tower
16:38 Watch Tower
16:39 Watch Tower
16:39 Watch Tower
16:39 Watch Tower
16:40 Watch Tower
16:45 Watch Tower
16:46 Watch Tower
16:57 Watch Tower
17:13 Watch Tower
17:14 Watch Tower
17:15 Watch Tower
17:16 Watch Tower
17:17 Watch Tower
17:22 Orc Burrow
17:22 Orc Burrow
17:25 Orc Burrow
17:51 Watch Tower
17:51 Watch Tower
17:52 Watch Tower
17:52 Watch Tower
17:57 Watch Tower
17:57 Watch Tower
18:44 Watch Tower
19:02 Watch Tower
19:02 Watch Tower
19:02 Watch Tower
19:03 Watch Tower
19:06 Watch Tower
19:06 Watch Tower
19:23 Beastiary
19:24 Beastiary
19:24 Beastiary
19:25 Beastiary
19:26 Beastiary
19:29 Watch Tower
19:58 Watch Tower
20:17 Watch Tower
20:18 Watch Tower
20:20 Watch Tower
20:37 Watch Tower
20:38 Watch Tower
20:38 Watch Tower
20:38 Watch Tower
21:45 Watch Tower
21:46 Watch Tower
25:30 War Mill
25:31 War Mill
25:32 War Mill
25:34 War Mill
25:38 War Mill
25:40 War Mill
25:58 Altar of Storms
27:27 Town Hall
28:11 Orc Burrow
28:15 Orc Burrow
28:15 Orc Burrow
28:56 Orc Burrow
28:56 Orc Burrow
29:25 Voodoo Lounge
31:29 War Mill
33:58 Watch Tower
33:59 Watch Tower
33:59 Watch Tower
33:59 Watch Tower
34:00 Watch Tower
34:00 Watch Tower
34:00 Watch Tower
» items
| Lesser Clarity Potion | 10 | |
| Healing Salve | 3 | |
| Staff of Teleportation | 1 | |
| Boots of Speed | 1 | |
| Orb of Lightning | 1 | |
| Tiny Great Hall | 2 | |
| Potion of Mana | 1 | |
| Potion of Healing | 1 | |
| Scroll of Town Portal | 1 | |
21 total

»
kenzo (
blue | 39 APM | 973 actions | 24:45)
4 Mountain King
2 Storm Bolt
2 Bash
2 Paladin
1 Holy Light
1 Divine Shield
1 Archmage
1 Brilliance Aura
» actions
| Assign group hotkey | 23 | |
| Basic commands | 53 | |
| Build / train | 105 | |
| Enter build submenu | 22 | |
| Enter hero's abilities submenu | 7 | |
| Give item / drop item | 2 | |
| Remove unit from queue | 2 | |
| Right click | 194 | |
| Select / deselect | 226 | |
| Select group hotkey | 277 | |
| Use ability | 62 | |
973 total
» units
| Peasant | 13 | |
| Footman | 9 | |
| Rifleman | 13 | |
| Goblin Shredder | 2 | |
| Gryphon Rider | 7 | |
| Dragonhawk Rider | 11 | |
| Priest | 3 | |
58 total
» upgrades
| Masonry | 3 | |
| Long Rifles | 1 | |
| Backpack | 1 | |
| Gunpowder | 1 | |
| Armor | 2 | |
| Lumber Harvesting | 1 | |
| Storm Hammers | 1 | |
| Animal War Training | 1 | |
| Swords | 2 | |
| Plating | 2 | |
| Priest Training | 2 | |
| Cloud | 0 | |
17 total
» buildings
| Altar of Kings | 1 | |
| Farm | 13 | |
| Barracks | 1 | |
| Town Hall | 1 | |
| Scout Tower | 2 | |
| Keep | 3 | |
| Lumber Mill | 1 | |
| Arcane Vault | 2 | |
| Arcane Tower | 1 | |
| Blacksmith | 1 | |
| Guard Tower | 1 | |
| Castle | 4 | |
| Gryphon Aviary | 2 | |
| Arcane Sanctum | 2 | |
35 total
» build order
00:12 Altar of Kings
00:18 Farm
00:23 Barracks
00:57 Farm
01:42 Farm
03:58 Town Hall
04:03 Scout Tower
04:04 Scout Tower
04:23 Keep
04:24 Keep
04:24 Keep
04:29 Lumber Mill
04:45 Arcane Vault
04:59 Arcane Tower
05:36 Blacksmith
05:59 Farm
06:01 Farm
06:12 Guard Tower
06:36 Arcane Vault
07:58 Farm
08:26 Castle
08:26 Castle
08:27 Castle
08:27 Castle
09:23 Farm
09:23 Farm
11:36 Farm
11:36 Farm
11:37 Farm
12:11 Gryphon Aviary
12:12 Gryphon Aviary
17:17 Farm
17:20 Farm
17:42 Arcane Sanctum
19:25 Arcane Sanctum
» items
| Potion of Lesser Invulnerability | 1 | |
| Scroll of Regeneration | 2 | |
| Scroll of Town Portal | 2 | |
| Orb of Fire | 1 | |
6 total

»
wlari (
teal | 28 APM | 1124 actions | 40:49)
6 Death Knight
2 Death Coil
3 Unholy Aura
1 Animate Dead
3 Lich
1 Frost Armor
2 Frost Nova
» actions
| Assign group hotkey | 27 | |
| Basic commands | 21 | |
| Build / train | 80 | |
| Enter build submenu | 33 | |
| Enter hero's abilities submenu | 9 | |
| Give item / drop item | 3 | |
| Right click | 345 | |
| Select / deselect | 345 | |
| Select group hotkey | 182 | |
| Use ability | 78 | |
1124 total
» units
| Acolyte | 12 | |
| Ghoul | 8 | |
| Crypt Fiend | 6 | |
| Obsidian Statue | 3 | |
| Abomination | 3 | |
| Meatwagon | 1 | |
| Goblin Zeppelin | 1 | |
| Gargoyle | 11 | |
45 total
» upgrades
| Creature Attack | 3 | |
| Web | 1 | |
| Burrow | 1 | |
| Creature Carapace | 3 | |
| Destroyer Form | 1 | |
| Disease Cloud | 1 | |
| Unholy Strength | 2 | |
12 total
» buildings
| Crypt | 2 | |
| Altar of Darkness | 2 | |
| Ziggurat | 11 | |
| Graveyard | 1 | |
| Halls of the Dead | 1 | |
| Black Citadel | 1 | |
| Slaughterhouse | 3 | |
| Tomb of Relics | 1 | |
| Spirit Tower | 5 | |
| Nerubian Tower | 1 | |
| Necropolis | 2 | |
| Sacrificial Pit | 1 | |
31 total
» build order
00:31 Crypt
00:35 Crypt
00:47 Altar of Darkness
00:58 Ziggurat
01:40 Ziggurat
02:03 Graveyard
04:12 Ziggurat
04:16 Ziggurat
04:21 Ziggurat
05:10 Halls of the Dead
09:46 Black Citadel
09:52 Slaughterhouse
09:57 Slaughterhouse
10:05 Slaughterhouse
10:09 Ziggurat
10:13 Ziggurat
10:16 Ziggurat
10:19 Ziggurat
11:46 Tomb of Relics
14:50 Spirit Tower
15:00 Spirit Tower
15:01 Nerubian Tower
15:03 Spirit Tower
20:55 Ziggurat
21:56 Necropolis
28:44 Sacrificial Pit
33:46 Spirit Tower
33:51 Spirit Tower
38:53 Necropolis
38:58 Altar of Darkness
39:52 Ziggurat
» items
| Healing Salve | 1 | |
| Lesser Clarity Potion | 1 | |
| Scroll of Town Portal | 2 | |
4 total
LOLRUHAPPY (
red | 51 APM | 2064 actions | 40:49)
7 Archmage
3 Blizzard
3 Brilliance Aura
1 Mass Teleport
3 Paladin
2 Holy Light
1 Devotion Aura
2 Mountain King
1 Storm Bolt
1 Bash
» actions
| Assign group hotkey | 3 | |
| Basic commands | 67 | |
| Build / train | 91 | |
| Enter build submenu | 38 | |
| Enter hero's abilities submenu | 14 | |
| Give item / drop item | 6 | |
| Remove unit from queue | 1 | |
| Right click | 1315 | |
| Select / deselect | 319 | |
| Select group hotkey | 82 | |
| Use ability | 128 | |
2064 total
» units
» upgrades
| Masonry | 3 | |
| Lumber Harvesting | 2 | |
| Plating | 1 | |
6 total
» buildings
| Altar of Kings | 1 | |
| Farm | 4 | |
| Lumber Mill | 1 | |
| Arcane Vault | 1 | |
| Scout Tower | 42 | |
| Arcane Tower | 3 | |
| Guard Tower | 23 | |
| Keep | 1 | |
| Castle | 1 | |
| Blacksmith | 1 | |
| Town Hall | 3 | |
81 total
» build order
00:11 Altar of Kings
00:32 Farm
01:07 Lumber Mill
01:13 Farm
01:24 Arcane Vault
02:09 Farm
02:30 Scout Tower
02:48 Scout Tower
03:00 Arcane Tower
03:28 Guard Tower
03:30 Scout Tower
04:05 Guard Tower
04:10 Scout Tower
04:41 Keep
04:51 Guard Tower
04:53 Scout Tower
05:00 Scout Tower
05:02 Scout Tower
05:35 Guard Tower
05:38 Scout Tower
05:49 Scout Tower
05:51 Scout Tower
06:40 Guard Tower
06:47 Scout Tower
06:49 Scout Tower
07:04 Castle
07:09 Scout Tower
07:17 Guard Tower
07:18 Guard Tower
07:23 Scout Tower
07:24 Scout Tower
07:26 Scout Tower
07:27 Scout Tower
07:28 Scout Tower
07:29 Scout Tower
07:39 Guard Tower
07:45 Scout Tower
07:47 Scout Tower
07:48 Scout Tower
07:52 Guard Tower
08:20 Guard Tower
08:22 Guard Tower
08:27 Farm
08:51 Guard Tower
09:14 Guard Tower
09:21 Scout Tower
10:10 Guard Tower
10:11 Guard Tower
10:13 Arcane Tower
14:37 Blacksmith
17:24 Town Hall
17:47 Scout Tower
17:51 Scout Tower
18:00 Scout Tower
18:10 Scout Tower
18:16 Guard Tower
18:20 Guard Tower
18:29 Guard Tower
18:33 Scout Tower
18:41 Guard Tower
18:45 Scout Tower
19:14 Guard Tower
19:16 Guard Tower
19:22 Scout Tower
19:25 Scout Tower
19:25 Scout Tower
19:27 Scout Tower
19:28 Scout Tower
19:31 Scout Tower
19:32 Scout Tower
19:33 Scout Tower
19:34 Scout Tower
19:37 Scout Tower
20:33 Guard Tower
20:44 Guard Tower
22:11 Arcane Tower
31:27 Town Hall
37:58 Town Hall
40:19 Scout Tower
40:20 Scout Tower
40:21 Scout Tower
» items
| Scroll of Regeneration | 2 | |
| Lesser Clarity Potion | 1 | |
| Boots of Speed | 1 | |
| Scroll of Town Portal | 4 | |
| Potion of Healing | 10 | |
| Potion of Lesser Invulnerability | 2 | |
| Potion of Mana | 2 | |
22 total
team 2 (loser)

»
Knight_of_Zero (
green | 38 APM | 1545 actions | 40:49)
6 Tauren Chieftain
3 Endurance Aura
2 War Stomp
1 Reincarnation
6 Shadow Hunter
3 Healing Wave
2 Hex
1 Big Bad Voodoo
» actions
| Basic commands | 1 | |
| Build / train | 86 | |
| ESC pressed | 1 | |
| Enter build submenu | 30 | |
| Enter hero's abilities submenu | 13 | |
| Give item / drop item | 1 | |
| Remove unit from queue | 4 | |
| Right click | 755 | |
| Select / deselect | 548 | |
| Use ability | 105 | |
1545 total
» units
| Peon | 14 | |
| Shaman | 11 | |
| Tauren | 9 | |
| Troll Witch Doctor | 9 | |
| Goblin Shredder | 2 | |
45 total
» upgrades
| Armor | 3 | |
| Melee Weapons | 3 | |
| Shaman Training | 2 | |
| Pulverize | 1 | |
| Witch Doctor Training | 2 | |
| Reinforced Defenses | 1 | |
12 total
» buildings
| Orc Burrow | 8 | |
| Altar of Storms | 1 | |
| War Mill | 1 | |
| Voodoo Lounge | 1 | |
| Stronghold | 2 | |
| Watch Tower | 10 | |
| Spirit Lodge | 1 | |
| Fortress | 1 | |
| Great Hall | 3 | |
| Tauren Totem | 2 | |
30 total
» build order
00:10 Orc Burrow
00:13 Altar of Storms
01:39 War Mill
02:10 Voodoo Lounge
02:27 Stronghold
02:27 Stronghold
02:33 Orc Burrow
03:48 Orc Burrow
04:40 Watch Tower
05:05 Spirit Lodge
05:08 Fortress
05:33 Great Hall
06:06 Orc Burrow
07:25 Orc Burrow
07:50 Tauren Totem
07:53 Tauren Totem
08:44 Watch Tower
11:40 Watch Tower
11:56 Orc Burrow
12:58 Orc Burrow
13:38 Watch Tower
15:18 Orc Burrow
19:42 Watch Tower
19:50 Watch Tower
28:29 Great Hall
29:00 Watch Tower
29:02 Watch Tower
29:04 Watch Tower
29:05 Watch Tower
35:08 Great Hall
» items
| Orb of Lightning | 1 | |
| Lesser Clarity Potion | 4 | |
| Scroll of Town Portal | 3 | |
| Potion of Healing | 1 | |
9 total

»
hellfreeze (
orange | 43 APM | 1766 actions | 40:49)
7 Death Knight
3 Death Coil
3 Unholy Aura
1 Animate Dead
6 Lich
3 Frost Nova
2 Frost Armor
1 Death and Decay
» actions
| Assign group hotkey | 27 | |
| Build / train | 77 | |
| Enter build submenu | 20 | |
| Enter hero's abilities submenu | 14 | |
| Give item / drop item | 2 | |
| Right click | 650 | |
| Select / deselect | 235 | |
| Select group hotkey | 703 | |
| Use ability | 38 | |
1766 total
» units
| Acolyte | 17 | |
| Ghoul | 3 | |
| Crypt Fiend | 12 | |
| Frost Wyrm | 12 | |
44 total
» upgrades
| Creature Attack | 3 | |
| Creature Carapace | 3 | |
| Web | 1 | |
| Freezing Breath | 1 | |
8 total
» buildings
| Ziggurat | 10 | |
| Crypt | 1 | |
| Graveyard | 1 | |
| Altar of Darkness | 1 | |
| Tomb of Relics | 1 | |
| Halls of the Dead | 1 | |
| Black Citadel | 2 | |
| Nerubian Tower | 2 | |
| Sacrificial Pit | 1 | |
| Boneyard | 2 | |
| Spirit Tower | 5 | |
27 total
» build order
00:10 Ziggurat
00:14 Crypt
00:45 Graveyard
01:04 Altar of Darkness
01:24 Ziggurat
02:35 Tomb of Relics
03:50 Ziggurat
04:23 Halls of the Dead
06:25 Ziggurat
06:46 Black Citadel
07:19 Nerubian Tower
08:22 Sacrificial Pit
08:26 Nerubian Tower
08:56 Ziggurat
09:24 Black Citadel
10:04 Ziggurat
11:47 Boneyard
11:57 Boneyard
14:40 Spirit Tower
15:23 Ziggurat
15:26 Ziggurat
15:31 Spirit Tower
15:54 Ziggurat
16:35 Spirit Tower
16:51 Spirit Tower
17:09 Spirit Tower
24:13 Ziggurat
dark-ruler (
yellow | 62 APM | 2545 actions | 40:49)
6 Keeper of the Grove
2 Entangling Roots
3 Thorns Aura
1 Tranquility
3 Priestess of the Moon
2 Trueshot Aura
1 Searing Arrows
» actions
| Assign group hotkey | 34 | |
| Basic commands | 143 | |
| Build / train | 96 | |
| ESC pressed | 4 | |
| Enter build submenu | 25 | |
| Enter hero's abilities submenu | 9 | |
| Give item / drop item | 5 | |
| Right click | 937 | |
| Select / deselect | 542 | |
| Select group hotkey | 670 | |
| Use ability | 80 | |
2545 total
» units
| Wisp | 28 | |
| Archer | 6 | |
| Goblin Shredder | 1 | |
| Dryad | 20 | |
| Mountain Giant | 6 | |
61 total
» upgrades
| Strength of the Wild | 3 | |
| Abolish Magic | 2 | |
| Reinforced Hides | 3 | |
| Resistant Skin | 1 | |
| Hardened Skin | 1 | |
| Ultravision | 1 | |
| Well Spring | 1 | |
12 total
» buildings
| Altar of Elders | 1 | |
| Moon Well | 7 | |
| Ancient of War | 2 | |
| Ancient of Wonders | 1 | |
| Tree of Ages | 1 | |
| Hunter's Hall | 1 | |
| Tree of Life | 2 | |
| Ancient of Lore | 4 | |
| Tree of Eternity | 1 | |
| Ancient Protector | 3 | |
23 total
» build order
00:10 Altar of Elders
00:14 Moon Well
01:08 Ancient of War
01:10 Ancient of War
01:14 Ancient of Wonders
01:52 Moon Well
02:36 Tree of Ages
03:29 Hunter's Hall
04:34 Tree of Life
05:02 Ancient of Lore
05:43 Ancient of Lore
06:24 Moon Well
08:08 Moon Well
08:56 Tree of Eternity
09:58 Moon Well
10:36 Ancient Protector
10:37 Ancient Protector
11:16 Ancient Protector
11:33 Moon Well
14:37 Moon Well
16:29 Ancient of Lore
28:28 Ancient of Lore
28:32 Tree of Life
» items
| Lesser Clarity Potion | 1 | |
| Dust of Appearance | 2 | |
3 total
Triad (
pink | 53 APM | 2168 actions | 40:49)
6 Keeper of the Grove
3 Force of Nature
2 Thorns Aura
1 Tranquility
5 Priestess of the Moon
3 Trueshot Aura
2 Searing Arrows
» actions
| Assign group hotkey | 42 | |
| Basic commands | 69 | |
| Build / train | 102 | |
| Enter build submenu | 17 | |
| Enter hero's abilities submenu | 11 | |
| Remove unit from queue | 19 | |
| Right click | 1296 | |
| Select / deselect | 306 | |
| Select group hotkey | 251 | |
| Use ability | 55 | |
2168 total
» units
| Wisp | 14 | |
| Archer | 6 | |
| Hippogryph | 17 | |
| Chimaera | 13 | |
50 total
» upgrades
| Nature's Blessing | 1 | |
| Strength of the Wild | 3 | |
| Reinforced Hides | 3 | |
| Hippogryph Taming | 0 | |
| Corrosive Breath | 1 | |
8 total
» buildings
| Altar of Elders | 1 | |
| Ancient of War | 1 | |
| Moon Well | 7 | |
| Tree of Ages | 3 | |
| Ancient of Wind | 2 | |
| Hunter's Hall | 1 | |
| Ancient Protector | 4 | |
| Tree of Eternity | 1 | |
| Chimaera Roost | 2 | |
22 total
» build order
00:27 Altar of Elders
00:43 Ancient of War
01:13 Moon Well
02:14 Moon Well
02:16 Moon Well
03:04 Tree of Ages
03:04 Tree of Ages
05:32 Moon Well
05:40 Ancient of Wind
05:50 Ancient of Wind
07:42 Hunter's Hall
09:24 Ancient Protector
09:28 Ancient Protector
09:39 Ancient Protector
09:44 Ancient Protector
09:52 Tree of Eternity
11:39 Moon Well
11:41 Moon Well
11:43 Moon Well
12:39 Chimaera Roost
12:47 Chimaera Roost
» items
Chat log
(00:32 / Allies) sc2no.wc4yes: tower the ramps, block the invaders only way in
(00:47 / Allies) kenzo: nooooo
(01:32 / Allies) sc2no.wc4yes: red, i appoint you chief tower builder for the southern ramp
(01:44 / Allies) sc2no.wc4yes: dont let me donw
(03:10 / Allies) sc2no.wc4yes: need hlep kenzo
(05:09 / Allies) LOLRUHAPPY: weakkkkk
(05:21 / Allies) sc2no.wc4yes: you cant build next to creeps brah
(05:24 / Allies) sc2no.wc4yes: they wake up and attack you
(14:44 / Allies) sc2no.wc4yes: u never towered bottom
(14:46 / Allies) sc2no.wc4yes: and now u will suffer
(16:45 / Allies) kenzo: get expo
(18:00 / Allies) wlari: go?
(18:03 / Allies) wlari: i max
(18:10 / Allies) sc2no.wc4yes: idk what ur waiting for
(19:53 / Allies) wlari: red where is ur arRMY
(20:02 / Allies) sc2no.wc4yes: back to the twoers
(20:31 / Allies) sc2no.wc4yes: back up to the twoers
(20:38 / All) Knight_of_Zero: build all the towers u want
(20:41 / All) Knight_of_Zero: in a fight
(20:44 / All) Knight_of_Zero: you will still lose
(20:54 / All) sc2no.wc4yes: words of wisdom from an rt turd
(21:21 / Allies) wlari: red and purp get ana army
(21:31 / Allies) sc2no.wc4yes: look whos talking
(21:33 / Allies) sc2no.wc4yes: youve got shit
(21:37 / Allies) sc2no.wc4yes: 2 of every woerst unit inthe game
(21:39 / Allies) kenzo: ahahahahhahah its crazy red its crazy
(21:55 / Allies) kenzo: look this
(22:06 / All) dark-ruler: U TOWERS ARE KILLING MY GIANTS!!!
(22:10 / Allies) sc2no.wc4yes: aboms and wagons
(22:13 / Allies) sc2no.wc4yes: vs mass tier 3 air
(22:14 / Allies) sc2no.wc4yes: and 2 gargs
(22:15 / Allies) kenzo: now wake up towers move go go get the enemy lol
(22:15 / Allies) sc2no.wc4yes: rofl
(22:18 / All) dark-ruler: FAGS!
(22:22 / Allies) kenzo: hahahahhahhahah
(22:23 / Allies) sc2no.wc4yes: did u ever beat the campiagin?
(22:31 / Allies) kenzo: hahahhahhahhahhaa
(22:36 / All) dark-ruler: get purp
(22:38 / Allies) kenzo: its insane
(23:24 / Allies) sc2no.wc4yes: look ur afraid to attack him
(23:25 / Allies) sc2no.wc4yes: with yoru garbage
(23:29 / Allies) sc2no.wc4yes: because you know its uweak and useless
(24:46 / All) Knight_of_Zero: die faggot nub
(24:55 / All) dark-ruler: FUCK PURP
(25:01 / All) dark-ruler: U MADE THIS GAME AGGRAVATING
(25:36 / All) dark-ruler: tp just one
(25:37 / All) dark-ruler: please
(27:09 / All) dark-ruler: ?
(27:54 / All) dark-ruler: did u guys died?
(28:28 / Allies) sc2no.wc4yes: get wyrms
(28:31 / Allies) sc2no.wc4yes: not shitty fuckign gargs
(28:49 / All) dark-ruler: come with us
(29:17 / All) dark-ruler: wow
(30:48 / Allies) sc2no.wc4yes: stop using the leaver
(34:17 / Allies) LOLRUHAPPY: b nub lawl
(38:31 / All) sc2no.wc4yes: you guys like base races?
(38:34 / All) sc2no.wc4yes: i do
(38:38 / All) sc2no.wc4yes: to me a base race is wc3 at its finest
(39:12 / All) sc2no.wc4yes: 2 big armies attack moving into each other
(39:16 / All) sc2no.wc4yes: its impressive the first few times you see it
(39:17 / All) sc2no.wc4yes: but lets face it
(39:19 / All) sc2no.wc4yes: its pretty braindead
(39:38 / All) sc2no.wc4yes: but a base race
(39:41 / All) sc2no.wc4yes: now that takes some strategy
(39:59 / All) sc2no.wc4yes: any last words noobs?
(40:00 / All) sc2no.wc4yes: rofl
(40:43 / All) sc2no.wc4yes: anything to say now dark ruler?
(40:43 / All) sc2no.wc4yes: you retard rt trash
(40:48 / Allies) wlari: who?